 Dungeon Crawl Stone Soup version 0.19-a0-1155-gb6eeeff (webtiles) character file.

65 HaroldButt the Slasher (level 4, -2/35 HPs)
             Began as a Formicid Fighter on Aug 13, 2016.
             Slain by an orc
             ... wielding a +0 mace
              (4 damage)
             ... on level 2 of the Dungeon.
             The game lasted 00:03:39 (1349 turns).

HaroldButt the Slasher (Formicid Fighter)           Turns: 1349, Time: 00:03:41

Health: -2/35      AC:  3    Str: 18 (21) XL:     4   Next: 34%
Magic:  4/4        EV:  7    Int:  8 (10) God:
Gold:   107        SH:  8    Dex:  8 (10) Spells: 0 memorised, 3 levels left

rFire  . . .     SeeInvis +     a - +1 long sword
rCold  . . .     Gourm    .     b - +0 scale mail
rNeg   . . .     Faith    .     c - +0 shield
rPois  .         Spirit   .     (helmet unavailable)
rElec  .         Dismiss  .     (no cloak)
rCorr  .         Reflect  .     (no gloves)
MR     .....     Harm     .     (no boots)
Stlth  ..........               (no amulet)
                                (no ring)
                                h - ring of teleportation (curse)

@: drained
A: permanent stasis, dig shafts and tunnels, four strong arms, antennae 3,
talons 1, clever 1, deformed body
a: Dig, Shaft Self


You were on level 2 of the Dungeon.
You were very hungry.

You visited 1 branch of the dungeon, and saw 3 of its levels.

You collected 107 gold pieces.


Innate Abilities, Weirdness & Mutations

You are under a permanent stasis effect.
You can dig through walls and to a lower floor.
Your four strong arms can wield two-handed weapons with a shield.
You have a pair of large antennae on your head. (SInv)
You have sharp toenails.
Your mind is acute. (Int +2)
Armour fits poorly on your strangely shaped body.


   Skills:
 - Level 3.2(2.7) Fighting
 + Level 4.2(3.7) Long Blades
 - Level 3.2(2.7) Armour
 - Level 3.6(3.1) Shields


You had 3 spell levels left.
You didn't know any spells.

Inventory:

Hand Weapons
 a - a +1 long sword (weapon)
Armour
 b - a +0 scale mail (worn)
 c - a +0 shield (worn)
Magical Staves
 p - an uncursed staff of earth
Jewellery
 h - a cursed ring of teleportation (left hand)
Scrolls
 e - a scroll of recharging
 n - a scroll of enchant weapon
Potions
 d - a potion of might
Comestibles
 f - 3 bread rations
 j - a meat ration
 k - a beef jerky

Dungeon Overview and Level Annotations

Branches:
Dungeon (3/15)

Altars:
Ru

▒▒...▒ ▒.▒)▒▒▒▒▒.▒▒▒..▒.▒▒▒▒.▒
▒▒...▒▒▒ ▒.▒............▒.▒ ▒.▒
....)..▒ ▒.▒..............▒ ▒.▒
.......▒ ▒...............▒▒ ▒.▒
.......▒ ▒....▒▒▒▒.▒▒▒.▒▒▒ ▒)▒
▒▒...▒▒▒▒▒...o▒▒▒▒.▒▒▒.▒▒ ▒.▒
▒▒...▒ ▒....>o....▒▒...▒▒▒▒▒▒.▒
▒▒.▒▒▒▒▒▒..▒▒▒.▒▒o....▒...(....▒
.......(...▒ ▒ooa.▒▒▒...▒▒▒▒▒▒▒▒
...........▒▒▒.▒▒▒▒ ▒▒.▒▒
...............▒▒▒▒▒▒▒.▒
..▒▒▒▒▒▒▒▒▒▒▒..........▒ ..▒
▒▒▒▒▒▒▒▒▒▒▒▒ ▒▒▒


You could see an orc wizard and 2 orcs.


Message History

The orc wizard hits you with a dagger.
* * * LOW HITPOINT WARNING * * *
The orc barely misses you.
You closely miss the orc wizard. The orc wizard closely misses you.
The orc barely misses you.
You riposte.
You slash the orc!
You kill the orc!
Your scale mail prevents you from hitting the orc wizard.
Your kick misses the orc wizard.
The orc wizard hits you but does no damage.
The orc wizard casts a spell at you. The magic dart hits you!
* * * LOW HITPOINT WARNING * * *
You barely miss the orc wizard. Your kick misses the orc wizard.
The orc barely misses you. The orc wizard hits you with a dagger.
* * * LOW HITPOINT WARNING * * *
You miss the orc wizard.
You claw the orc wizard, but do no damage.
You block the orc's attack. The orc wizard hits you with a dagger.
* * * LOW HITPOINT WARNING * * *
You hit the orc wizard. Your kick misses the orc wizard.
The orc wizard is moderately wounded.
The orc hits you with a mace.
You die...

Action                   |  1- 3 |  4- 6 || total
-------------------------+-------+-------++-------
Melee: Long sword        |    70 |    32 ||   102
       Kick              |       |     2 ||     2
  Use: Scroll            |     3 |     1 ||     4
       Potion            |       |     5 ||     5
Armor: Scale mail        |    32 |     8 ||    40
Dodge: Dodged            |    16 |    10 ||    26
Block: Shield            |    42 |    20 ||    62

Vault maps used:
D:1:      dpeg_arrival_rooms_c
D:2:      nicolae_ru_the_path_less_chosen, uniq_robin
D:3:      kennysheep_vampire_church, tgw_sif, yredelemnul_altar_generic,
          nicolae_overflow_hidden_temple, first_bread, minmay_cupped

Notes
Turn   | Place    | Note
-------+----------+-------------------------------------------
     0 | D:1      | HaroldButt the Formicid Fighter began the quest for the Orb.
     0 | D:1      | Reached XP level 1. HP: 18/18 MP: 1/1
   238 | D:1      | Reached XP level 2. HP: 24/24 MP: 2/2
   724 | D:2      | Noticed Robin
   727 | D:2      | Reached skill level 3 in Long Blades
   739 | D:2      | Reached XP level 3. HP: 17/29 MP: 3/3
   743 | D:2      | Killed Robin
   768 | D:2      | Found a sacrificial altar of Ru.
   910 | D:2      | Reached skill level 4 in Long Blades
   910 | D:2      | Reached XP level 4. HP: 33/35 MP: 4/4
  1197 | D:2      | Gained mutation: You have sharp toenails. [potion of mutation]
  1197 | D:2      | Gained mutation: Your mind is acute. (Int +2) [potion of mutation]
  1197 | D:2      | Gained mutation: Armour fits poorly on your strangely shaped body. [potion of mutation]
  1348 | D:2      | HP: 2/35 [orc wizard/dagger (3)]
  1349 | D:2      | Slain by an orc

Vanquished Creatures
  Robin (D:2)
  An adder (D:2)
  A dart slug (D:2)
  A giant gecko (D:2)
  An orc (D:2)
  A ball python (D:1)
  A giant cockroach (D:2)
  10 goblins (D:2)
  9 hobgoblins
  2 bats (D:2)
  2 giant newts (D:1)
  4 kobolds
  3 rats
37 creatures vanquished.

Vanquished Creatures (others)
  A giant newt (D:2)
1 creature vanquished.

Grand Total: 38 creatures vanquished
